TOP OF THE 1ST |
Bishop Gorman HS Balbasaurs batting - Pitching for Fort Worth HS Turkeys : RHP Rusty Vallee
|
Pitching: RHP Rusty Vallee
|
|
Batting: RHB Chris Cox
|
0-0: Ball 1-0: Ball 2-0: SINGLE (Groundball, 6D)
|
Batting: RHB Júlio García
|
0-0: Ball Chris Cox steals 2nd base 1-0: Called Strike 1-1: Ball 2-1: Foul Ball, location: 2F 2-2: Strikes out swinging
|
Batting: RHB José Díaz
|
0-0: Ball 1-0: SINGLE (Line Drive, 78M) Chris Cox to third
|
Batting: LHB Guillermo Peña
|
0-0: Ball 1-0: Ball 2-0: Called Strike 2-1: Foul Ball, location: 2F 2-2: Foul Ball, location: 2F 2-2: Foul Ball, location: 2F 2-2: Ball 3-2: Fly out, F8 (Flyball, 8RM) Runner from 3rd tags up, SCORES, no throw
|
Batting: RHB Gabriel Lucero
|
0-0: Swinging Strike 0-1: Ball 1-1: Ground out 5-3 (Groundball, 5S)
|
Top of the 1st over - 1 run(s), 2 hit(s), 0 error(s), 1 left on base; Bishop Gorman HS 1 - Fort Worth HS 0 |
BOTTOM OF THE 1ST |
Fort Worth HS Turkeys batting - Pitching for Bishop Gorman HS Balbasaurs : RHP Jonathon O'Brien
|
Pitching: RHP Jonathon O'Brien
|
|
Batting: LHB Fernando García
|
0-0: Called Strike 0-1: Called Strike 0-2: Strikes out looking
|
Batting: LHB Ugo Béland
|
0-0: Ground out 5-3 (Groundball, 56S)
|
Batting: LHB Mike Richardson
|
0-0: Called Strike 0-1: Swinging Strike 0-2: Foul Ball, location: 2F 0-2: SINGLE (Flyball, 6MD)
|
Batting: RHB Tristan Vincent
|
0-0: Called Strike 0-1: Ball 1-1: Fielders Choice at 2nd, 4-6 (Groundball, 4)
|
Bottom of the 1st over - 0 run(s), 1 hit(s), 0 error(s), 0 left on base; Bishop Gorman HS 1 - Fort Worth HS 0 |
TOP OF THE 2ND |
Bishop Gorman HS Balbasaurs batting - Pitching for Fort Worth HS Turkeys : RHP Rusty Vallee
|
Batting: LHB Michel Gélinas
|
0-0: Bunt missed! 0-1: Called Strike 0-2: Ball 1-2: Fly out, F6 (Popup, 6)
|
Batting: RHB Jimmy Martin
|
0-0: Called Strike 0-1: Ball 1-1: Foul Ball, location: 2F 1-2: Ball 2-2: Strikes out swinging
|
Batting: RHB John Milligan
|
0-0: Fly out, F9 (Flyball, 9S)
|
Top of the 2nd over - 0 run(s), 0 hit(s), 0 error(s), 0 left on base; Bishop Gorman HS 1 - Fort Worth HS 0 |
BOTTOM OF THE 2ND |
Fort Worth HS Turkeys batting - Pitching for Bishop Gorman HS Balbasaurs : RHP Jonathon O'Brien
|
Batting: LHB Francisco Madraso
|
0-0: Ball 1-0: SINGLE (Line Drive, 34D)
|
Batting: RHB Bill Ménard
|
0-0: Called Strike 0-1: Ball 1-1: Ball 2-1: Ball 3-1: Called Strike 3-2: Strikes out swinging Francisco Madraso is caught stealing 2nd base Batter strikes out.
|
Batting: RHB Denny Dennis
|
0-0: Called Strike 0-1: Ground out 6-3 (Groundball, 6M)
|
Bottom of the 2nd over - 0 run(s), 1 hit(s), 0 error(s), 0 left on base; Bishop Gorman HS 1 - Fort Worth HS 0 |
TOP OF THE 3RD |
Bishop Gorman HS Balbasaurs batting - Pitching for Fort Worth HS Turkeys : RHP Rusty Vallee
|
Batting: RHB Mario Ramírez
|
0-0: Ground out 3-1 (Groundball, 34)
|
Batting: RHB Chris Cox
|
0-0: SINGLE (Groundball, 34D)
|
Batting: RHB Júlio García
|
0-0: Ball 1-0: Called Strike 1-1: Foul Ball, location: 2F 1-2: SINGLE (Groundball, 56) (infield hit) Chris Cox to second
|
Batting: RHB José Díaz
|
0-0: Called Strike 0-1: TRIPLE (Line Drive, 7LS) Chris Cox scores Júlio García scores
|
Batting: LHB Guillermo Peña
|
0-0: Ball 1-0: Foul Ball, location: 2F 1-1: Fly out, F8 (Flyball, 89D) Runner from 3rd tags up, SCORES, no throw
|
Batting: RHB Gabriel Lucero
|
0-0: Foul Ball, location: 2F 0-1: Called Strike 0-2: Ball 1-2: SINGLE (Groundball, 4MS) (infield hit)
|
Batting: LHB Michel Gélinas
|
0-0: Fielders Choice at 2nd, 6-4 (Groundball, 6)
|
Top of the 3rd over - 3 run(s), 4 hit(s), 0 error(s), 0 left on base; Bishop Gorman HS 4 - Fort Worth HS 0 |
BOTTOM OF THE 3RD |
Fort Worth HS Turkeys batting - Pitching for Bishop Gorman HS Balbasaurs : RHP Jonathon O'Brien
|
Batting: RHB Terry McRa
|
0-0: Ball 1-0: Called Strike 1-1: SINGLE (Groundball, 4MD)
|
Batting: RHB Ken Adams
|
0-0: Called Strike 0-1: Single, Error in OF, E7, batter to second base Terry McRa to third
|
Batting: LHB Fernando García
|
0-0: Called Strike 0-1: Ball 1-1: Ground out U3 (Groundball, 3)
|
Batting: LHB Ugo Béland
|
0-0: Called Strike 0-1: Swinging Strike 0-2: Fly out, F6 (Line Drive, 6MD)
|
Batting: LHB Mike Richardson
|
0-0: Ball 1-0: DOUBLE (Line Drive, 9LS) Terry McRa scores Ken Adams scores
|
Batting: RHB Tristan Vincent
|
0-0: Ball 1-0: Ball 2-0: Called Strike 2-1: Called Strike 2-2: Foul Ball, location: 2F 2-2: Ball 3-2: Ground out 6-3 (Groundball, 6S)
|
Bottom of the 3rd over - 2 run(s), 3 hit(s), 1 error(s), 1 left on base; Bishop Gorman HS 4 - Fort Worth HS 2 |
TOP OF THE 4TH |
Bishop Gorman HS Balbasaurs batting - Pitching for Fort Worth HS Turkeys : RHP Rusty Vallee
|
Batting: RHB Jimmy Martin
|
0-0: Foul Ball, location: 2F 0-1: Fly out, F5 (Line Drive, 5)
|
Batting: RHB John Milligan
|
0-0: Ball 1-0: Ball 2-0: Fly out, F2 (Popup, 2R)
|
Batting: RHB Mario Ramírez
|
0-0: Called Strike 0-1: Foul Ball, location: 2F 0-2: Fly out, F6 (Popup, 56)
|
Top of the 4th over - 0 run(s), 0 hit(s), 0 error(s), 0 left on base; Bishop Gorman HS 4 - Fort Worth HS 2 |
BOTTOM OF THE 4TH |
Fort Worth HS Turkeys batting - Pitching for Bishop Gorman HS Balbasaurs : RHP Jonathon O'Brien
|
Batting: LHB Francisco Madraso
|
0-0: Ball 1-0: SOLO HOME RUN (Flyball, 89XD), Distance : 358 ft
|
Batting: RHB Bill Ménard
|
0-0: Called Strike 0-1: Ball 1-1: Called Strike 1-2: Foul Ball, location: 2F 1-2: Ball 2-2: Foul Ball, location: 2F 2-2: Foul Ball, location: 2F 2-2: SINGLE (Line Drive, 6D)
|
Batting: RHB Denny Dennis
|
0-0: Called Strike 0-1: Ball 1-1: Called Strike 1-2: Foul Ball, location: 2F 1-2: Fly out, F9 (Flyball, 9)
|
Batting: RHB Terry McRa
|
0-0: Ball 1-0: Ball 2-0: Ball 3-0: Base on Balls Bill Ménard to second
|
Batting: RHB Ken Adams
|
0-0: Ball 1-0: Called Strike 1-1: Swinging Strike 1-2: Ball 2-2: Foul Ball, location: 2F 2-2: Strikes out swinging
|
Batting: LHB Fernando García
|
0-0: Ball 1-0: Ball 2-0: Foul Ball, location: 2F 2-1: Foul Ball, location: 2F 2-2: SINGLE (Groundball, 4MD) Bill Ménard to third Terry McRa to second Runner from 3rd tries for Home, SAFE, no throw
|
Batting: LHB Ugo Béland
|
0-0: Swinging Strike 0-1: Foul Ball, location: 2F 0-2: Foul Ball, location: 2F 0-2: Strikes out looking
|
Bottom of the 4th over - 2 run(s), 3 hit(s), 0 error(s), 2 left on base; Bishop Gorman HS 4 - Fort Worth HS 4 |
TOP OF THE 5TH |
Bishop Gorman HS Balbasaurs batting - Pitching for Fort Worth HS Turkeys : RHP Rusty Vallee
|
Batting: RHB Chris Cox
|
0-0: Foul Ball, location: 2F 0-1: Foul Ball, location: 2F 0-2: Foul Ball, location: 2F 0-2: Fly out, F9 (Flyball, 9S)
|
Batting: RHB Júlio García
|
0-0: Ball 1-0: Called Strike 1-1: Ball 2-1: Foul Ball, location: 2F 2-2: Foul Ball, location: 2F 2-2: Ball 3-2: SINGLE (Groundball, 56S) (infield hit)
|
Batting: RHB José Díaz
|
0-0: Ball 1-0: Called Strike 1-1: Foul Ball, location: 2F 1-2: Foul Ball, location: 2F 1-2: Ball 2-2: Strikes out swinging
|
Batting: LHB Guillermo Peña
|
0-0: Ball 1-0: Ball 2-0: Ball 3-0: Base on Balls Júlio García to second
|
Batting: RHB Gabriel Lucero
|
0-0: Ball 1-0: Ball 2-0: SINGLE (Groundball, 56D) Júlio García to third Guillermo Peña to second Runner from 3rd tries for Home, SAFE, no throw
|
Pitching: RHP Juan Reyes
|
|
Batting: LHB Michel Gélinas
|
0-0: Ball 1-0: Ball 2-0: Foul Ball, location: 2F 2-1: Foul Ball, location: 2F 2-2: Ball 3-2: Ground out 6-3 (Groundball, 6)
|
Top of the 5th over - 1 run(s), 2 hit(s), 0 error(s), 2 left on base; Bishop Gorman HS 5 - Fort Worth HS 4 |
BOTTOM OF THE 5TH |
Fort Worth HS Turkeys batting - Pitching for Bishop Gorman HS Balbasaurs : RHP Jonathon O'Brien
|
Batting: LHB Mike Richardson
|
0-0: Fly out, F9 (Flyball, 9)
|
Batting: RHB Tristan Vincent
|
0-0: Ball 1-0: Swinging Strike 1-1: Swinging Strike 1-2: Foul Ball, location: 2F 1-2: Strikes out looking
|
Batting: LHB Francisco Madraso
|
0-0: Ball 1-0: Swinging Strike 1-1: Ball 2-1: Foul Ball, location: 2F 2-2: Ball 3-2: Foul Ball, location: 2F 3-2: SINGLE (Groundball, 6MD)
|
Pitching: RHP Manuel Ramírez
|
|
Batting: RHB Bill Ménard
|
0-0: Called Strike 0-1: Fly out, F4 (Popup, 4D)
|
Bottom of the 5th over - 0 run(s), 1 hit(s), 0 error(s), 1 left on base; Bishop Gorman HS 5 - Fort Worth HS 4 |
TOP OF THE 6TH |
Bishop Gorman HS Balbasaurs batting - Pitching for Fort Worth HS Turkeys : RHP Juan Reyes
|
Batting: RHB Jimmy Martin
|
0-0: Called Strike 0-1: Ball 1-1: Foul Ball, location: 2F 1-2: Foul Ball, location: 2F 1-2: Strikes out swinging
|
Batting: RHB John Milligan
|
0-0: Ball 1-0: Called Strike 1-1: Called Strike 1-2: Fly out, F9 (Flyball, 9)
|
Batting: RHB Mario Ramírez
|
0-0: DOUBLE (Line Drive, 7LM)
|
Batting: RHB Chris Cox
|
0-0: Ball 1-0: Ground out 5-3 (Groundball, 5)
|
Top of the 6th over - 0 run(s), 1 hit(s), 0 error(s), 1 left on base; Bishop Gorman HS 5 - Fort Worth HS 4 |
BOTTOM OF THE 6TH |
Fort Worth HS Turkeys batting - Pitching for Bishop Gorman HS Balbasaurs : RHP Manuel Ramírez
|
Batting: RHB Denny Dennis
|
0-0: Foul Ball, location: 2F 0-1: Ball 1-1: Ball 2-1: Foul Ball, location: 2F 2-2: Strikes out looking
|
Batting: RHB Terry McRa
|
0-0: Foul Ball, location: 2F 0-1: Ball 1-1: SINGLE (Groundball, 6MD)
|
Batting: RHB Ken Adams
|
0-0: Fly out, F8 (Flyball, 8RS)
|
Batting: LHB Fernando García
|
0-0: Ball 1-0: Ball 2-0: Ball 3-0: Called Strike 3-1: Base on Balls Terry McRa to second
|
Batting: LHB Ugo Béland
|
0-0: Foul Ball, location: 2F 0-1: Foul Ball, location: 2F 0-2: Ball 1-2: Foul Ball, location: 2F 1-2: Foul Ball, location: 2F 1-2: Ball 2-2: Ground out U3 (Groundball, 3)
|
Bottom of the 6th over - 0 run(s), 1 hit(s), 0 error(s), 2 left on base; Bishop Gorman HS 5 - Fort Worth HS 4 |
TOP OF THE 7TH |
Bishop Gorman HS Balbasaurs batting - Pitching for Fort Worth HS Turkeys : RHP Juan Reyes
|
Batting: RHB Júlio García
|
0-0: Called Strike 0-1: Ball 1-1: Swinging Strike 1-2: SINGLE (Line Drive, 78M)
|
Batting: RHB José Díaz
|
0-0: Ball 1-0: Called Strike 1-1: Ball 2-1: Foul Ball, location: 2F 2-2: Ball 3-2: Foul Ball, location: 2F 3-2: Foul Ball, location: 2F 3-2: Base on Balls Júlio García to second
|
Pitching: LHP Bob Powell
|
|
Batting: LHB Guillermo Peña
|
0-0: Ball 1-0: Ball 2-0: Ball 3-0: Called Strike 3-1: Base on Balls Júlio García to third José Díaz to second
|
Batting: RHB Gabriel Lucero
|
0-0: Called Strike 0-1: Foul Ball, location: 2F 0-2: Ball 1-2: Ball 2-2: Ball 3-2: Fly out, F3 (Popup, 3S)
|
Pitching: LHP Ed Dixon
|
|
Pinch Hitting: RHB Scotty Humphrey
|
0-0: Called Strike 0-1: Ball 1-1: Foul Ball, location: 2F 1-2: Fly out, F8 (Flyball, 8LM) Runner from 3rd tags up, SCORES, throw made
|
Batting: RHB Jimmy Martin
|
0-0: Ball 1-0: Fly out, F7 (Flyball, 7S)
|
Top of the 7th over - 1 run(s), 1 hit(s), 0 error(s), 2 left on base; Bishop Gorman HS 6 - Fort Worth HS 4 |
BOTTOM OF THE 7TH |
Fort Worth HS Turkeys batting - Pitching for Bishop Gorman HS Balbasaurs : RHP Manuel Ramírez
|
Now in CF: Ramón Chávez
|
|
Batting: LHB Mike Richardson
|
0-0: Called Strike 0-1: Foul Ball, location: 2F 0-2: Ball 1-2: Foul Ball, location: 2F 1-2: Foul Ball, location: 2F 1-2: Foul Ball, location: 2F 1-2: Ball 2-2: Fly out, F7 (Flyball, 7S)
|
Batting: RHB Tristan Vincent
|
0-0: Ball 1-0: Ball 2-0: Ball 3-0: Base on Balls
|
Pitching: LHP Mathew Hart
|
|
Batting: LHB Francisco Madraso
|
0-0: Ball 1-0: Ball 2-0: Foul Ball, location: 2F 2-1: Ball 3-1: Foul Ball, location: 2F 3-2: Base on Balls Tristan Vincent to second
|
Pitching: RHP Carlos García
|
|
Pinch Runner at 2nd Rick Cochran:
|
|
Batting: RHB Bill Ménard
|
0-0: Called Strike 0-1: Ball Rick Cochran steals 3rd base Francisco Madraso to second 1-1: Foul Ball, location: 2F 1-2: Ball 2-2: Ball 3-2: Base on Balls
|
Pinch Hitting: RHB Fred Smith
|
0-0: Ball 1-0: Foul Ball, location: 2F 1-1: Ball 2-1: Foul Ball, location: 2F 2-2: Foul Ball, location: 2F 2-2: Ball 3-2: Foul Ball, location: 2F 3-2: Foul Ball, location: 2F 3-2: Base on Balls Rick Cochran scores Francisco Madraso to third Bill Ménard to second
|
Batting: RHB Terry McRa
|
0-0: Called Strike 0-1: Ball 1-1: Foul Ball, location: 2F 1-2: Ball 2-2: Ball 3-2: Fly out, F8 (Flyball, 8LM) Runner from 3rd tags up, OUT at HOME
|
Bottom of the 7th over - 1 run(s), 0 hit(s), 0 error(s), 2 left on base; Bishop Gorman HS 6 - Fort Worth HS 5 |
TOP OF THE 8TH |
Bishop Gorman HS Balbasaurs batting - Pitching for Fort Worth HS Turkeys : LHP Ed Dixon
|
Now at 1B: Fred Smith
|
|
Now in LF: Theodore Wilkerson
|
|
Batting: RHB John Milligan
|
0-0: Foul Ball, location: 2F 0-1: Called Strike 0-2: Ball 1-2: Foul Ball, location: 2F 1-2: Strikes out swinging
|
Batting: RHB Mario Ramírez
|
0-0: Fly out, F9 (Flyball, 9LS)
|
Batting: RHB Chris Cox
|
0-0: Ball 1-0: Ball 2-0: Ball 3-0: Called Strike 3-1: Base on Balls
|
Batting: RHB Júlio García
|
0-0: Ball 1-0: Ball 2-0: Foul Ball, location: 2F 2-1: Ball 3-1: Swinging Strike 3-2: Foul Ball, location: 2F 3-2: Strikes out swinging
|
Top of the 8th over - 0 run(s), 0 hit(s), 0 error(s), 1 left on base; Bishop Gorman HS 6 - Fort Worth HS 5 |
BOTTOM OF THE 8TH |
Fort Worth HS Turkeys batting - Pitching for Bishop Gorman HS Balbasaurs : RHP Carlos García
|
Pitching: RHP Carter Boss
|
|
Now at C: Jake Rutledge
|
|
Batting: RHB Ken Adams
|
0-0: Foul Ball, location: 2F 0-1: Ball 1-1: SINGLE (Groundball, 56S) (infield hit)
|
Batting: LHB Fernando García
|
0-0: Ball 1-0: Sac Bunt - play at first, batter OUT! 1-4 Ken Adams to second
|
Batting: LHB Ugo Béland
|
0-0: Called Strike 0-1: Ball 1-1: Ball 2-1: Called Strike 2-2: Foul Ball, location: 2F 2-2: Ball 3-2: Foul Ball, location: 2F 3-2: Foul Ball, location: 2F 3-2: Base on Balls
|
Batting: LHB Mike Richardson
|
0-0: Ball 1-0: Foul Ball, location: 2F 1-1: Foul Ball, location: 2F 1-2: Grounds into double play, 4-6-3 (Groundball, 4)
|
Bottom of the 8th over - 0 run(s), 1 hit(s), 0 error(s), 1 left on base; Bishop Gorman HS 6 - Fort Worth HS 5 |
TOP OF THE 9TH |
Bishop Gorman HS Balbasaurs batting - Pitching for Fort Worth HS Turkeys : LHP Ed Dixon
|
Pitching: LHP Sherman Gordon
|
|
Batting: RHB José Díaz
|
0-0: Ground out 3-1 (Groundball, 3D)
|
Batting: LHB Guillermo Peña
|
0-0: Foul Ball, location: 2F 0-1: Ball 1-1: Foul Ball, location: 2F 1-2: Ball 2-2: Ground out 6-3 (Groundball, 56)
|
Batting: RHB Gabriel Lucero
|
0-0: Ball 1-0: Ball 2-0: Called Strike 2-1: Foul Ball, location: 2F 2-2: Ball 3-2: Foul Ball, location: 2F 3-2: Foul Ball, location: 2F 3-2: Ground out 5-3 (Groundball, 56)
|
Top of the 9th over - 0 run(s), 0 hit(s), 0 error(s), 0 left on base; Bishop Gorman HS 6 - Fort Worth HS 5 |
BOTTOM OF THE 9TH |
Fort Worth HS Turkeys batting - Pitching for Bishop Gorman HS Balbasaurs : RHP Carter Boss
|
Pitching: RHP Alan Turner
|
|
Batting: LHB Theodore Wilkerson
|
0-0: Ball 1-0: Ball 2-0: Called Strike 2-1: Ball 3-1: Base on Balls
|
Batting: LHB Francisco Madraso
|
0-0: Ball 1-0: Swinging Strike 1-1: Fly out, F4 (Line Drive, 34)
|
Batting: RHB Bill Ménard
|
0-0: Ball 1-0: Ball 2-0: Called Strike 2-1: 2-RUN HOME RUN (Flyball, 78XD), Distance : 366 ft
|
Tuesday, August 8th, 2017 - OOTP Baseball 17.12 Build 75
|
|